 Dungeon Crawl Stone Soup version 0.16.0-8-gd9ae3a8 (console) character file.

1110 gw the Vexing (level 8, 0/72 HPs)
             Began as a Deep Dwarf Enchanter on Mar 17, 2015.
             Slain by a giant frog (5 damage)
             ... on level 4 of the Dungeon.
             The game lasted 00:12:22 (15938 turns).

gw the Vexing (Deep Dwarf Enchanter)               Turns: 15938, Time: 00:12:22

Health: 0/72       AC:  3    Str: 12    XL:     8   Next: 11%
Magic:  15/15      EV: 12    Int: 18    God:
Gold:   243        SH:  0    Dex: 13    Spells: 6 memorised, 0 levels left

rFire  . . .     SeeInvis .     a - +0 rapier
rCold  . . .     Clarity  .     j - +0 leather armour
rNeg   . . .     SustAb   .     (no shield)
rPois  .         Gourm    .     (no helmet)
rElec  .         Spirit   .     (no cloak)
rCorr  .         Warding  .     (no gloves)
rMut   .         Stasis   .     (no boots)
MR     +....                    b - amulet of rage
Stlth  ++........               (no ring)
                                (no ring)

@: starving, non-regenerating, somewhat resistant to hostile enchantments,
unstealthy
A: damage resistance, recharge devices, sense surroundings 1, slow healing 3
a: Device Recharging, Evoke Berserk Rage


You were on level 4 of the Dungeon.
You were starving.

You visited 1 branch of the dungeon, and saw 4 of its levels.

You collected 243 gold pieces.

Inventory:

Hand weapons
 a - a +0 rapier (weapon)
Missiles
 k - 55 bolts
Armour
 j - a +0 leather armour (worn)
Jewellery
 b - an amulet of rage (around neck)
Magical devices
 d - a wand of heal wounds (0)
Scrolls
 e - a scroll of fog
 f - 3 scrolls of amnesia {unknown}
 g - 2 scrolls of identify
 h - a scroll of remove curse
 i - a scroll of enchant armour
 m - 3 scrolls of fear {unknown}
Potions
 l - 2 potions of curing
Books
 c - a book of Maledictions

   Spells                             Type                      Level
   a - Corona                         Hexes                        1
   b - Sure Blade                     Hexes/Charms                 2
   c - Ensorcelled Hibernation        Hexes/Ice                    2
   d - Confuse                        Hexes                        3
   e - Dazzling Spray                 Conjuration/Hexes            3
   f - Enslavement                    Hexes                        4


   Skills:
 + Level 3.9 Fighting
 + Level 3.5 Short Blades
 + Level 3.7 Armour
 - Level 2.1 Dodging
 - Level 3.6 Stealth
 * Level 4.2 Spellcasting
 + Level 4.3 Hexes


You couldn't memorise any spells.
You knew the following spells:

 Your Spells              Type           Power        Failure   Level  Hunger
a - Corona                Hex            ###....      3%          1    None
b - Ensorcelled Hibernat  Hex/Ice        ##....       14%         2    ##.....
c - Sure Blade            Hex/Chrm       ##........   14%         2    ##.....
d - Confuse               Hex            ###.....     12%         3    ###....
e - Dazzling Spray        Conj/Hex       ##......     24%         3    ###....
f - Enslavement           Hex            ###.....     34%         4    ####...


Dungeon Overview and Level Annotations

Branches:
Dungeon (4/15)
 Temple: D:4-7

Altars:
Gozag
Kikubaaqudgha

Annotations:
D:2 exclusion: downstairs


Innate Abilities, Weirdness & Mutations

You are resistant to damage.
You can recharge devices by infusing magical energy.
You passively map a small area around you.
You do not heal naturally.


Message History

You hit the giant frog.
The giant frog is severely wounded.
The giant frog barely misses you.
Unknown command.
Unknown command.
Unknown command.
Unknown command.
ATTACKING (0,1)
You hit the giant frog but do no damage.
The giant frog is severely wounded.
The giant frog closely misses you. x2
Unknown command.
Unknown command.
Unknown command.
Unknown command.
ATTACKING (0,1)
You closely miss the giant frog.
The giant frog is severely wounded.
The giant frog hits you!
You die...

#....#...#..............#.......
#....'...#..............#.......
#....#...#..............'.......
#...####'#..............#......#
#...###.......#'#####'##########
#.....#.......'.........#
#....[#.......#.#########
#.....'.......#.#........
#.....#.......#g#.....[..#
######'#.......#F#..#* * #
#..............#a'..# * #
#.......####'###.'..# * #
#.......)........#..# #
#.......#.)......#..?.....# #
#.......#........#!.......# #
#.......###'####.########## #
#####'###.....##.........# #


You could see a giant frog and a worker ant.

Table legend:
 A = Turns spent in this place as a percentage of turns spent in the entire game.
 B = Non-inter-level travel turns spent in this place as a percentage of non-inter-level travel turns spent in the entire game.
 C = Inter-level travel turns spent in this place as a percentage of turns spent in this place.
 D = Turns resting spent in this place as a percentage of non-inter-level travel turns spent in this place.
 E = Turns spent auto-exploring this place as a percentage of non-inter-level travel turns spent in this place.
 F = Non-inter-level travel turns spent in this place divided by the number of levels of this place that you've seen.
                   A       B       C       D       E      F
               +-------+-------+-------+-------+-------+----------------------
         Total | 100.0 | 100.0 |   0.5 |   2.4 |   0.8 | 4860.2
       Dungeon | 100.0 | 100.0 |   0.5 |   2.4 |   0.8 | 4860.2
               +-------+-------+-------+-------+-------+----------------------

Table legend:
 A = Kills in this place as a percentage of kills in entire the game.
 B = Kills by you in this place as a percentage of kills by you in the entire game.
 C = Kills by friends in this place as a percentage of kills by friends in the entire game.
 D = Other kills in this place as a percentage of other kills in the entire game.
 E = Experience gained in this place as a percentage of experience gained in the entire game.
 F = Experience gained in this place divided by the number of levels of this place that you have seen.
                   A       B       C       D       E      F
               +-------+-------+-------+-------+-------+----------------------
         Total | 100.0 | 100.0 |  -nan | 100.0 | 100.0 | 396.8
       Dungeon | 100.0 | 100.0 |  -nan | 100.0 | 100.0 | 396.8
               +-------+-------+-------+-------+-------+----------------------

Vanquished Creatures
  A basilisk (D:3)
  The ghost of axaxaxas the Skirmisher, an average DsWn (D:3)
  A sky beast (D:4)
  A phantom (D:4)
  An ogre (D:4)
  A giant frog zombie (D:4)
  An orc priest (D:4)
  3 orc wizards (D:4)
  2 hounds
  3 worker ants
  12 adders
  A shadow imp (D:3)
  A giant mite (D:3)
  3 worms
  An adder skeleton (D:4)
  7 giant geckos
  2 oozes
  8 orcs (D:4)
  6 ball pythons
  16 bats
  5 giant cockroaches
  10 hobgoblins
  9 jackals
  10 kobolds
  A quokka (D:4)
  A giant gecko skeleton (D:4)
  5 giant newts
  9 goblins
  13 rats
135 creatures vanquished.

Vanquished Creatures (others)
  A human (D:3)
1 creature vanquished.

Grand Total: 136 creatures vanquished

Notes
Turn   | Place    | Note
--------------------------------------------------------------
     0 | D:1      | gw, the Deep Dwarf Enchanter, began the quest for the Orb.
     0 | D:1      | Reached XP level 1. HP: 15/15 MP: 2/2
    16 | D:1      | Reached skill level 1 in Short Blades
   319 | D:1      | Reached XP level 2. HP: 16/24 MP: 1/3
   339 | D:1      | Learned a level 2 spell: Ensorcelled Hibernation
   846 | D:1      | Learned a level 2 spell: Sure Blade
   978 | D:1      | Reached skill level 1 in Fighting
  1458 | D:2      | Reached XP level 3. HP: 26/31 MP: 0/6
  2535 | D:2      | Reached XP level 4. HP: 25/38 MP: 0/7
  2735 | D:2      | Reached skill level 1 in Armour
  3406 | D:3      | Found an opulent altar of Gozag.
  3756 | D:3      | Noticed axaxaxas' ghost (average DsWn)
  5487 | D:3      | Reached XP level 5. HP: 24/45 MP: 0/9
  6465 | D:3      | Killed axaxaxas' ghost
  6465 | D:3      | Reached XP level 6. HP: 44/55 MP: 0/11
 11823 | D:3      | Found an ancient bone altar of Kikubaaqudgha.
 11824 | D:3      | Noticed a human
 11826 | D:3      | Killed a human
 12236 | D:3      | Learned a level 3 spell: Confuse
 12240 | D:3      | Learned a level 3 spell: Dazzling Spray
 12874 | D:3      | Noticed a basilisk
 12932 | D:3      | Killed a basilisk
 12932 | D:3      | Reached XP level 7. HP: 46/62 MP: 0/14
 14714 | D:4      | Reached skill level 4 in Spellcasting
 15702 | D:4      | Reached XP level 8. HP: 40/72 MP: 15/15
 15708 | D:4      | Learned a level 4 spell: Enslavement
 15938 | D:4      | Slain by a giant frog

Action                   |  1- 3 |  4- 6 |  7- 9 || total
-------------------------+-------+-------+-------++-------
Melee: Dagger            |   105 |   206 |    21 ||   332
       Rapier            |       |       |   167 ||   167
 Cast: Corona            |    32 |    27 |    33 ||    92
       Sure Blade        |    26 |    25 |    26 ||    77
       Ensorcelled Hiber |    11 |    19 |    26 ||    56
       Confuse           |       |    10 |    24 ||    34
       Dazzling Spray    |       |     2 |     9 ||    11
 Abil: Device Recharging |       |     1 |     2 ||     3
Evoke: Wand              |     1 |     7 |    10 ||    18
  Use: Scroll            |     2 |     9 |       ||    11
       Potion            |     2 |     3 |       ||     5
 Stab: Distracted        |       |     3 |       ||     3
       Confused          |       |       |     2 ||     2
  Eat: Chunk             |     6 |    20 |     9 ||    35
       Bread ration      |     1 |     1 |       ||     2
       Meat ration       |       |     2 |     1 ||     3

Vault maps used:
D:1:      evilmike_arrival_fibonacci_small, hex_large
D:3:      grunt_gozag_statues, tgw_kikubaaqudgha
D:4:      nicolae_ossuary_entry_catacombs, kennysheep_generic_room_6
